[Event "*** Titled Tuesday 3|2 Blitz"]
[Site "Chess.com"]
[Date "2015.02.24"]
[Round "5"]
[White "Danirod"]
[Black "stepanosinovsky"]
[Result "1-0"]
[WhiteElo "2362"]
[BlackElo "2236"]
[TimeControl "180+2"]
[EndTime "12:00:27 PST"]
[Termination "Danirod won on time"]

1. e4 e5 2. Nf3 Nc6 3. Bc4 Nf6 4.
Ng5 d5 5. exd5 Na5 6. Bb5+ c6 7.
dxc6 bxc6 8. Bd3 h6 9. Ne4 Nd5 10. O-O Be7 11. Re1 O-O 12. Nbc3 Nb7 13. Bc4 Kh8 14.
d3 f5 15. Ng3 Qd6 16. Qe2 Bf6 17. Nh5 Nxc3 18. bxc3 Re8 19. d4 e4 20. Bf4 Qf8 21. Nxf6 Qxf6 22. Be5 Rxe5 23. dxe5 Qxe5 24. Rad1 Nd6 25.
Bb3 Bb7 26. Qd2 Nb5 27. Qd7 Rb8 28. c4 Nc3 29. Qd6 Re8 30. Qxe5 Rxe5 31. Rd7 Ba6 32. Rxa7 Ra5 33. h4 h5 34. Re3 Nxa2 35. Rg3 Nc1 36. Rgxg7 f4 37. Rge7 1-0

[Event "*** Titled Tuesday 3|2 Blitz"]
[Site "Chess.com"]
[Date "2015.02.24"]
[Round "5"]
[White "destroyer305"]
[Black "PauloCesarCosta"]
[Result "0-1"]
[WhiteElo "2123"]
[BlackElo "2065"]
[TimeControl "180+2"]
[EndTime "12:00:38 PST"]
[Termination "PauloCesarCosta won by resignation"]

1. e4 e6 2. d4 d5 3. Nc3 Nf6 4. Bg5 Be7 5. e5 Nfd7 6. Bxe7 Qxe7 7. f4 O-O 8. Nf3 c5 9. Bd3 f6 10. dxc5 Nxc5 11. Qe2 Nc6 12. O-O Nxd3 13. cxd3 Bd7 14.
Rae1 Rae8 15. Qf2 fxe5 16. Nxe5 Nxe5 17. Rxe5 Qb4 18. a3 Qd6 19. Qxa7 Rxf4 20. Rfe1 Qc6 21. Qe3 Ref8 22. Qg3 Qb6+ 23. Qe3 Qxe3+ 24. R5xe3 d4 25. Re5 dxc3 26. bxc3 R4f5 27. R5e4 Ra5 28. Rb4 Bc6 29. Rxe6 Rxa3 30. h3 Rxc3 31. Rd4 Rc1+ 32. Kh2 Rc2 33.
Rg4 Rff2 34. h4 Rxg2+ 35. Rxg2 Rxg2+ 36. Kh3 Rd2 37. Rd6 Kf7 38. Kg4 Ke7 39. Rd4 Bd7+ 40. Kf4 b5 41. h5 Rh2 42. h6 Rh4+ 43. Ke5 Rxd4 44. Kxd4 gxh6 0-1

[Event "*** Titled Tuesday 3|2 Blitz"]
[Site "Chess.com"]
[Date "2015.02.24"]
[Round "5"]
[White "alturas_pacificas"]
[Black "Aragon"]
[Result "0-1"]
[WhiteElo "2071"]
[BlackElo "2045"]
[TimeControl "180+2"]
[EndTime "12:00:39 PST"]
[Termination "Aragon won by resignation"]

1. d4 d5 2. Bf4 Bf5 3. e3 e6 4. c4 c6 5. Nc3 Bd6 6. Bg3 Nf6 7. Nf3 O-O 8. Qb3 Bxg3 9. hxg3 Qb6 10. c5 Qxb3 11. axb3 Nbd7 12. b4 a6 13. Kd2 Rfe8 14. Bd3 Bxd3 15. Kxd3 e5 16. dxe5 Ng4 17. Ke2 Ngxe5 18. Nxe5 Nxe5 19. Kd2 Rad8 20. Kc2 d4 21. exd4 Ng4 22. Rhe1 Nxf2 23. Rxe8+ Rxe8 24. b5 axb5 25. Ra7 Rb8 26. Kb3 Ng4 27. Kb4 Ne3 28. Ne2 g5 29. b3 h5 30. Ka5 Nd5 31. g4 h4 32.
Nc1 f5 33. gxf5 Kf7 34. Nd3 Kf6 35. Nb4 Ne7 36. Kb6 g4 37. Rxb7 Rxb7+ 38. Kxb7 h3 39.
gxh3 gxh3 40. d5 cxd5 41. c6 h2 42. c7 h1=Q 43. Nc6 d4 0-1

[Event "*** Titled Tuesday 3|2 Blitz"]
[Site "Chess.com"]
[Date "2015.02.24"]
[Round "5"]
[White "HansCoolNiemann"]
[Black "kinetix"]
[Result "0-1"]
[WhiteElo "1824"]
[BlackElo "1599"]
[TimeControl "180+2"]
[EndTime "12:00:43 PST"]
[Termination "kinetix won by checkmate"]

1. d4 d6 2. c4 e5 3. Nf3 e4 4.
Nfd2 f5 5. Nc3 Be7 6. e3 Nh6 7. Be2 O-O 8. O-O c6 9. Qb3 Kh8 10. f3 exf3 11. Nxf3 Nd7 12. e4 fxe4 13. Nxe4 Nf5 14.
Nfg5 Nf6 15. Qd1 h6 16. Nxf6 Bxf6 17. Nf3 Qb6 18. Kh1 Bd7 19. d5 Rae8 20. dxc6 Bxc6 21.
Bd3 Ne3 22. Bxe3 Rxe3 23. Rb1 Qc5 24. Nh4 Rfe8 25. Ng6+ Kg8 26. Bf5 Qd4 27. Qc2 Re2 28. Qxe2 Rxe2 29. Nf4 Rxb2 30. Be6+ Kh7 31. Bf5+ Kg8 32.
Be6+ Kf8 33. Ng6+ Ke8 34. Bh3 Rxb1 35. Rxb1 Kd8 36. Rf1 Qd3 37. Re1 Qxg6 38. Rd1 Be5 39. Kg1 Qc2 40. Rf1 Qe2 41. Rf8+ Ke7 42. Rf3 Bd4+ 43.
Kh1 Qe1+ 44. Rf1 Qxf1# 0-1

[Event "*** Titled Tuesday 3|2 Blitz"]
[Site "Chess.com"]
[Date "2015.02.24"]
[Round "5"]
[White "AnthonyWirig"]
[Black "Cryptochess"]
[Result "1-0"]
[WhiteElo "2550"]
[BlackElo "2386"]
[TimeControl "180+2"]
[EndTime "12:00:47 PST"]
[Termination "AnthonyWirig won by checkmate"]

1. d4 Nf6 2. Nc3 e6 3. Nf3 Bb4 4. Qd3 O-O 5. Bg5 h6 6. h4 b6 7. Bxf6 Qxf6 8. g4 Ba6 9. Qe3 Qg6 10.
O-O-O Nc6 11. Rg1 f5 12. h5 Qf6 13. g5 hxg5 14. Rxg5 Ne7 15. a3 Bxc3 16. Qxc3 Nd5 17.
Qd2 Rac8 18. e3 Bxf1 19. Rxf1 c5 20. Rfg1 Rf7 21. Ne5 Re7 22. Ng6 Rf7 23. Ne5 Re7 24. Kb1 cxd4 25. exd4 d6 26. Ng6 Rec7 27. R5g3 Rxc2 28.
Qxc2 Rxc2 29. Kxc2 Qxd4 30. h6 gxh6 31. Ne5+ Kf8 32. Rg8+ Ke7 33. R1g7+ Kf6 34. Nd7# 1-0

[Event "*** Titled Tuesday 3|2 Blitz"]
[Site "Chess.com"]
[Date "2015.02.24"]
[Round "5"]
[White "wonderfultime"]
[Black "pKiLz5Rn9b"]
[Result "1-0"]
[WhiteElo "2554"]
[BlackElo "2248"]
[TimeControl "180+2"]
[EndTime "12:00:47 PST"]
[Termination "wonderfultime won by resignation"]

1. d4 e6 2. c4 Nf6 3. Nf3 b6 4.
a3 Bb7 5. Nc3 d5 6. cxd5 exd5 7.
Bf4 Bd6 8. Bg3 O-O 9. e3 c5 10.
Be2 Nc6 11. O-O Bxg3 12. hxg3 Re8 13. Rc1 Ne4 14. dxc5 Nxc5 15. Nxd5 Ne5 16. Nxe5 Rxe5 17. Nf4 Qf6 18. b4 Rd8 19. Qc2 Ne6 20. Rfd1 Re8 21. Qa4 Ra8 22. Qd7 Rb8 23. Nxe6 Qxe6 24. Rc7 Bd5 25.
Rxa7 h6 26. Bg4 f5 27. Qxe6+ Bxe6 28. Bf3 Kh7 29. Rd6 Bc4 30. Rdd7 Rg8 31. a4 Kg6 32. Rd6+ Kg5 33. Be2 Bxe2 34. f4+ Kg4 35. fxe5 Kxg3 36. e6 Rc8 37. Rxg7+ Bg4 38. Rd1 Rc2 39. Rxg4+ fxg4 40. e7 Rxg2+ 41. Kf1 Rf2+ 42. Ke1 Kf3 43. e8=Q Re2+ 44.
Kf1 Rf2+ 45. Kg1 Rg2+ 46. Kh1 Kg3 47. Qe5+ Kh3 48. Qh5+ Kg3 49. Qxg4+ Kxg4 50. Kxg2 1-0

[Event "*** Titled Tuesday 3|2 Blitz"]
[Site "Chess.com"]
[Date "2015.02.24"]
[Round "5"]
[White "GeorgMeier"]
[Black "GMHess"]
[Result "1-0"]
[WhiteElo "2668"]
[BlackElo "2496"]
[TimeControl "180+2"]
[EndTime "12:00:51 PST"]
[Termination "GeorgMeier won by resignation"]

1. Nf3 Nf6 2. g3 e6 3. Bg2 d5 4.
O-O Be7 5. d4 O-O 6. c4 dxc4 7.
Qc2 a6 8. a4 Nc6 9. Qxc4 Qd5 10.
Nbd2 Rd8 11. e3 Rb8 12. b3 Bd7 13. Bb2 Bb4 14. Rfc1 Be8 15. h3 Qa5 16. Qe2 Bxd2 17. Nxd2 Qf5 18. e4 Qg6 19. Qe3 h5 20. Rc5 b6 21.
Rg5 Qh6 22. d5 exd5 23. exd5 Nb4 24. Rc1 Rd6 25. Rxc7 Rbd8 26. Re7 Bc6 27. dxc6 Rxd2 28. c7 Rd1+ 29. Bf1 Rc8 30. Bxf6 Qxf6 31. Re8+ 1-0

[Event "*** Titled Tuesday 3|2 Blitz"]
[Site "Chess.com"]
[Date "2015.02.24"]
[Round "5"]
[White "DoctorMove"]
[Black "Hafez_Bakr"]
[Result "1-0"]
[WhiteElo "1767"]
[BlackElo "1822"]
[TimeControl "180+2"]
[EndTime "12:00:59 PST"]
[Termination "DoctorMove won by resignation"]

1. e4 c5 2. Nf3 d6 3. Bb5+ Bd7 4.
Bxd7+ Nxd7 5. O-O Ngf6 6. Re1 g6 7. c3 Bg7 8. d4 O-O 9. Bg5 cxd4 10. Nxd4 Qb6 11. Nb3 Rfe8 12. h3 Rad8 13. N1d2 Ne5 14. Be3 Qa6 15. Nf3 Nxe4 16. Nxe5 dxe5 17. Qe2 Nd6 18. Qxa6 bxa6 19. Bxa7 Nc4 20. Re2 e4 21. Bd4 e5 22. Bc5 f5 23. Rae1 a5 24. f3 exf3 25. gxf3 a4 26. Nc1 Rd5 27. Bb4 Nd2 28. Kg2 e4 29. fxe4 Nxe4 30. a3 Red8 31. h4 Rd2 32. Kf3 Rxe2 33. Rxe2 Bh6 34. Re1 Nd2+ 35.
Kf2 Ne4+ 36. Kf3 Bxc1 37. Rxc1 Rd2 38. c4 Rxb2 39. c5 Rf2+ 40. Ke3 Rh2 41. c6 Rxh4 42. c7 Rh3+ 43. Kf4 g5+ 44. Kxf5 Ng3+ 45. Kg4 Rh4+ 46. Kxg3 1-0

[Event "*** Titled Tuesday 3|2 Blitz"]
[Site "Chess.com"]
[Date "2015.02.24"]
[Round "5"]
[White "Nouki"]
[Black "Gevorg_Harutjunyan"]
[Result "1-0"]
[WhiteElo "2655"]
[BlackElo "2520"]
[TimeControl "180+2"]
[EndTime "12:01:00 PST"]
[Termination "Nouki won by checkmate"]

1. d4 Nf6 2. c4 g6 3. Nc3 Bg7 4. e4 d6 5. Nf3 O-O 6. Be2 e5 7. O-O Nbd7 8. Be3 c6 9. d5 c5 10. Ne1 Ne8 11. g4 Nc7 12. Kh1 Bf6 13. Qd2 a6 14. a4 Rb8 15. Nd3 b6 16. Rae1 Bb7 17. g5 Bg7 18. f4 exf4 19. Bxf4 Qe7 20. Bg4 Rbe8 21. Bxd7 Qxd7 22. e5 dxe5 23. Bxe5 Rxe5 24.
Nxe5 Qd6 25. Ng4 b5 26. Ne4 Qd8 27. Ngf6+ Kh8 28. b3 bxc4 29. bxc4 Ne6 30. Kg1 Nd4 31. Nxc5 Nf5 32. Nxb7 Qb6+ 33. c5 Qxb7 34. Qc3 Qc8 35. Rf4 h6 36. h4 Qc7 37. Rxf5 gxf5 38. gxh6 Rg8 39. hxg7+ Rxg7+ 40. Kf1 Qh2 41. Re8+ Rg8 42. Rxg8# 1-0

[Event "*** Titled Tuesday 3|2 Blitz"]
[Site "Chess.com"]
[Date "2015.02.24"]
[Round "5"]
[White "AkshatChandra"]
[Black "IMRosen"]
[Result "1-0"]
[WhiteElo "2440"]
[BlackElo "2073"]
[TimeControl "180+2"]
[EndTime "12:01:11 PST"]
[Termination "AkshatChandra won by checkmate"]

1. e4 c5 2. Nf3 e6 3. d4 cxd4 4.
Nxd4 Nc6 5. Nc3 Qc7 6. Be2 a6 7.
O-O Nf6 8. Be3 Bb4 9. Na4 O-O 10.
Nxc6 bxc6 11. Nb6 Rb8 12. Nxc8 Rfxc8 13. Bxa6 Rf8 14. Bd3 Bd6 15. g3 Be5 16. c3 Rxb2 17. Qc1 Qb7 18. Bc5 Ra8 19. a4 Qb3 20. Ra3 Qb8 21.
a5 Bc7 22. a6 Ng4 23. a7 Rxa7 24. Rxa7 Ne5 25. Ba6 h5 26. Rxc7 Qxc7 27. Qxb2 Nf3+ 28. Kg2 Ng5 29. Qe2 g6 30. Bd4 e5 31. Bc5 Ne6 32. Be3 Qa5 33. Bc4 Ng7 34. Rd1 Qc7 35. Qf3 d6 36. Rxd6 Qxd6 37. Qxf7+ Kh7 38. Qg8# 1-0

[Event "*** Titled Tuesday 3|2 Blitz"]
[Site "Chess.com"]
[Date "2015.02.24"]
[Round "5"]
[White "igorkovalenko"]
[Black "Chesseducation4u"]
[Result "1-0"]
[WhiteElo "2446"]
[BlackElo "2224"]
[TimeControl "180+2"]
[EndTime "12:01:24 PST"]
[Termination "igorkovalenko won by resignation"]

1. e4 e6 2. d4 d5 3. Nd2 h6 4.
Ngf3 Nf6 5. exd5 exd5 6. Bd3 c5 7. O-O Nc6 8. Re1+ Be6 9. Bf5 cxd4 10. Bxe6 fxe6 11.
Rxe6+ Kf7 12. Re1 Bb4 13. a3 Ba5 14. b4 Bb6 15. Bb2 Re8 16. b5 Rxe1+ 17. Qxe1 Na5 18.
Bxd4 Rc8 19. c3 Qe8 20. Ne5+ Kg8 21. a4 Bxd4 22. cxd4 Rc2 23. Rc1 Qc8 24. Rxc2 Qxc2 25. Nf1 Qxa4 26. Ng6 Qxb5 27. Qe6+ Kh7 28. Qf5 Kg8 29.
h4 Qd7 30. Qf4 Nc6 31. Ne3 Qe8 32. Ne5 a5 33. Nf5 a4 34. Qg3 Nh5 35. Nxh6+ Kh7 36. Qd3+ g6 37. Nhf7 Nxe5 38. Nxe5 b5 39. Qc3 Nf4 40.
Qc7+ Kg8 41. Qd6 Qe6 42. Qd8+ Kg7 43. Qc7+ Kh6 44. Nf7+ Kh5 45. Qxf4 1-0

[Event "*** Titled Tuesday 3|2 Blitz"]
[Site "Chess.com"]
[Date "2015.02.24"]
[Round "5"]
[White "MinhGTrAn"]
[Black "GedoGluperd"]
[Result "1-0"]
[WhiteElo "2459"]
[BlackElo "2234"]
[TimeControl "180+2"]
[EndTime "12:01:28 PST"]
[Termination "MinhGTrAn won by resignation"]

1. d4 Nf6 2. Bg5 d5 3. Bxf6 exf6 4. e3 f5 5. g3 Nd7 6. Bg2 c6 7. Ne2 Nf6 8. O-O h5 9. h4 Ne4 10. Nd2 Be7 11. c4 Be6 12. Nf4 g5 13. hxg5 Bxg5 14. cxd5 cxd5 15. Nf3 h4 16. Qa4+ Kf8 17. gxh4 Bxh4 18.
Qb4+ Be7 19. Qxb7 Bd6 20. Rfc1 Bxf4 21. exf4 Kg7 22. Qc7 Qg8 23. Ng5 Kg6 24. Bxe4 dxe4 25. Rc6 Re8 26. d5 Rc8 27. Qd6 Rxc6 28. Qxc6 Qg7 29.
dxe6 f6 30. Kf1 Qh6 31. Ke2 Qh5+ 32. Kd2 Rd8+ 33. Kc3 Qe2 34. Kb3 Rd3+ 35. Ka4 Qxb2 36. Qe8+ Kg7 37. Qf7+ 1-0

[Event "*** Titled Tuesday 3|2 Blitz"]
[Site "Chess.com"]
[Date "2015.02.24"]
[Round "5"]
[White "jup1978"]
[Black "MattyDPerrine"]
[Result "1/2-1/2"]
[WhiteElo "2148"]
[BlackElo "2056"]
[TimeControl "180+2"]
[EndTime "12:01:32 PST"]
[Termination "Game drawn by repetition"]

1. e4 c5 2. Nf3 e6 3. g3 Nc6 4.
Bg2 Qc7 5. O-O Nf6 6. Re1 d6 7. d4 cxd4 8. Nxd4 Bd7 9. Nc3 Be7 10. Bf4 a6 11. Nxc6 Bxc6 12. e5 dxe5 13. Bxe5 Qb6 14. Bxf6 Bxf6 15. Nd5 Bxd5 16. Qxd5 O-O 17. Qxb7 Qxb7 18.
Bxb7 Ra7 19. Be4 Bxb2 20. Rab1 Bd4 21. Red1 Bc5 22. Kf1 g6 23. a4 Rc7 24. Rb7 Rxb7 25.
Bxb7 a5 26. Bc6 Rc8 27. Bb5 Bb4 28. Bd3 Rd8 29. Ke2 Kf8 30. Bb5 Rxd1 31. Kxd1 Ke7 32. Ke2 e5 33. Kd3 Kd6 34. c3 Bc5 35. f3 f5 36. Be8 Bg1 37. h3 Bf2 38. g4 fxg4 39. hxg4 Be1 40. Kc4 g5 41. Bf7 h6 42. Bg6 Bd2 43.
Be4 Be1 44. Bg6 Bd2 45. Kd3 Be1 46. Bf7 Kc5 47. Be8 Kd6 48. Bb5 Kc5 49. c4 Kd6 50.
Ke4 Ke6 51. c5 Bb4 52. c6 Bd6 53. Bc4+ Ke7 54. Kd5 Bc7 55. Bd3 Kf6 56. Be4 Ke7 57. Kc5 Kf6 58. Kb5 Ke7 59. Ka6 Kd8 60. Kb7 Bd6 61.
Kb6 Bc7+ 62. Kc5 Ke7 63. Kd5 Kf6 64. Bd3 Ke7 65. Be4 Kf6 66. Kc5 Ke7 67. Kb5 Kd8 68. Bd5 Ke7 69. Ka6 Kd8 70. Kb7 Bd6 71. Be4 Bc7 72. Ka6 Ke7 73. Kb5 Kd6 74. Bf5 Ke7 75.
Kc5 Kf6 76. Be4 Ke7 1/2-1/2

[Event "*** Titled Tuesday 3|2 Blitz"]
[Site "Chess.com"]
[Date "2015.02.24"]
[Round "5"]
[White "VerdeNotte"]
[Black "tigrangharamian"]
[Result "0-1"]
[WhiteElo "2516"]
[BlackElo "2532"]
[TimeControl "180+2"]
[EndTime "12:01:35 PST"]
[Termination "tigrangharamian won by resignation"]

1. e4 c5 2. Nc3 a6 3. g3 b5 4. Bg2 Bb7 5. Nge2 b4 6. Na4 e6 7. d4 Nf6 8. d5 exd5 9. exd5 d6 10. O-O Be7 11. a3 a5 12. c4 O-O 13. b3 Nbd7 14.
Bb2 Ne8 15. Bh3 Bc8 16. Nf4 Bf6 17. Qe2 Bxb2 18. Nxb2 Ne5 19. Bxc8 Qxc8 20. Nbd3 Nxd3 21. Qxd3 Nf6 22. Kg2 Re8 23. h3 Qd7 24. Ra2 Qe7 25.
Rfa1 bxa3 26. Rxa3 g5 27. Qf5 gxf4 28. Qxf4 Qe4+ 29. Qxe4 Nxe4 30. Rxa5 Rab8 31. R1a3 Rb6 32. Ra7 Nd2 33. Rd7 Nxb3 34. Raa7 Rf8 35. Rdb7 Rxb7 36. Rxb7 Nd2 37. f4 Nxc4 38. Kf3 Re8 39. Kg4 Ne3+ 40.
Kg5 Kg7 41. Rd7 h6+ 42. Kh5 Nxd5 43. Rxd6 Nf6+ 44. Kh4 Rc8 45. Rd2 c4 46. g4 c3 47.
Rc2 Nd5 48. g5 Ne3 49. Rc1 c2 50. Kh5 hxg5 51. Kxg5 Rc5+ 52. Kh4 Rd5 53. f5 Rd1 54. f6+ Kxf6 0-1

[Event "*** Titled Tuesday 3|2 Blitz"]
[Site "Chess.com"]
[Date "2015.02.24"]
[Round "5"]
[White "Tilicheev_Viacheslav"]
[Black "AndreyOstrovskiy"]
[Result "1-0"]
[WhiteElo "2548"]
[BlackElo "2334"]
[TimeControl "180+2"]
[EndTime "12:01:38 PST"]
[Termination "Tilicheev_Viacheslav won by resignation"]

1. e4 e5 2. Nf3 Nc6 3. Nc3 Nf6 4.
Nxe5 Nxe5 5. d4 Ng6 6. e5 Bb4 7. exf6 Qxf6 8. Bd3 O-O 9. Be3 d5 10. O-O Bxc3 11. bxc3 Bf5 12. c4 Bxd3 13. cxd3 Qf5 14. Rb1 b6 15. Rb5 c6 16. Rb3 h5 17. a4 h4 18. h3 Rad8 19. Qg4 Qxg4 20. hxg4 f5 21.
gxf5 Rxf5 22. Rc1 Rd7 23. Ra3 Nf4 24. Kf1 Kf7 25. a5 bxa5 26. Rxa5 Nxd3 27. Rca1 Ke6 28. cxd5+ cxd5 29. Rxa7 Rxa7 30. Rxa7 g5 31. Kg1 Nf4 32. Kh2 g4 33. Rh7 h3 34. gxh3 gxh3 35. Rh4 Ng2 36. Rxh3 Nxe3 37. Rxe3+ Kf6 38. Kg3 Rg5+ 39. Kf3 Rf5+ 40.
Ke2 Rf4 41. Rf3 Kf5 42. Ke3 Rxf3+ 43. Kxf3 Kg5 44. Kg3 Kf5 45. f3 Kg5 46. f4+ Kf5 47. Kf3 Kf6 48. Kg4 Kg6 49. f5+ Kf6 50. Kf4 1-0

[Event "*** Titled Tuesday 3|2 Blitz"]
[Site "Chess.com"]
[Date "2015.02.24"]
[Round "5"]
[White "gmjlh"]
[Black "190l"]
[Result "1-0"]
[WhiteElo "2495"]
[BlackElo "1979"]
[TimeControl "180+2"]
[EndTime "12:02:12 PST"]
[Termination "gmjlh won by resignation"]

1. e4 c5 2. Nf3 Nc6 3. Bb5 Qb6 4.
Nc3 e6 5. O-O Nge7 6. Re1 a6 7.
Bf1 g6 8. b3 Bg7 9. Bb2 O-O 10.
Na4 Qa7 11. Bxg7 Kxg7 12. c4 e5 13. g3 d6 14. Nh4 Nd4 15. f4 f6 16. d3 b5 17. Nc3 bxc4 18. dxc4 Be6 19. Qd3 g5 20.
Ng2 Bh3 21. f5 Bxg2 22. Bxg2 h6 23. Bf3 Qb7 24. Bh5 a5 25. Kh1 Rfb8 26. Kg1 Rc8 27.
Rab1 Rcb8 28. a4 Qb4 29. Nb5 Rd8 30. h4 Nec6 31. Kh2 Nxb5 32. cxb5 Nd4 33. Qc4 Qxc4 34. bxc4 Rab8 35. Kg2 Rb6 36. Kf2 Rg8 37. Bg6 Kf8 38. Rh1 g4 39. h5 Nf3 40. Ke3 Ke7 41. Rhd1 Rd8 42. Rb2 Rd7 43. Rf2 Rd8 44. Rxf3 gxf3 45. Kxf3 d5 46. exd5 Kd6 47. Ke4 Rd7 48. g4 Rg7 49. g5 fxg5 50. f6 Rg8 51. Kf5 Rf8 52.
Re1 Kd7 53. f7 Kd8 54. Rxe5 Rb8 55. Re8+ Kd7 56. Rxf8 Rxf8 57. Kf6 Kd6 58. Kg7 Ke7 59.
d6+ Kxd6 60. Kxf8 g4 61. Kg7 1-0

[Event "*** Titled Tuesday 3|2 Blitz"]
[Site "Chess.com"]
[Date "2015.02.24"]
[Round "5"]
[White "jcibarra"]
[Black "BeerLag"]
[Result "1-0"]
[WhiteElo "2489"]
[BlackElo "2393"]
[TimeControl "180+2"]
[EndTime "12:02:17 PST"]
[Termination "jcibarra won by checkmate"]

1. e4 c5 2. Nf3 d6 3. d4 cxd4 4.
Nxd4 Nf6 5. Nc3 a6 6. Be3 e5 7. Nf3 Be7 8. Bc4 Nbd7 9. a4 b6 10. Qe2 Qc7 11. O-O O-O 12. Bg5 Bb7 13. Rfd1 Nc5 14. Bxf6 Bxf6 15. Nd5 Bxd5 16. Bxd5 Rac8 17. c3 a5 18. g3 Rfd8 19. h4 Ne6 20. Nh2 g6 21.
Ng4 Bg7 22. Ne3 Qc5 23. Bb7 Rb8 24. Ba6 Nc7 25. Bc4 Qc6 26. Nd5 Nxd5 27. Rxd5 Bf8 28.
h5 Kg7 29. Kg2 g5 30. h6+ Kh8 31. Bb5 Qc7 32. Qh5 Qe7 33. Rad1 Qf6 34. Rh1 Rbc8 35. Rd3 Rc7 36. Qg4 Qg6 37. Rf3 Bxh6 38. Rf5 f6 39. Qh3 Bg7 40. Be2 Bf8 41. Bh5 Qg7 42. Rd1 Rc4 43. Qg4 Rc5 44. Qe2 Qe7 45. Rf3 Bg7 46.
Rfd3 Qc7 47. Bg4 Bf8 48. Bf5 Qc6 49. Qh5 Qc7 50. Rh1 Rd7 51. Qe8 Rd8 52. Rxh7+ Qxh7 53. Qxd8 Qe7 54. Qxb6 Qc7 55. Qb3 Qc6 56. Qf7 Bg7 57.
Qh5+ Kg8 58. Be6+ Kf8 59. Qf7# 1-0

[Event "*** Titled Tuesday 3|2 Blitz"]
[Site "Chess.com"]
[Date "2015.02.24"]
[Round "5"]
[White "juniortay"]
[Black "CraiggoryC"]
[Result "1-0"]
[WhiteElo "2206"]
[BlackElo "1975"]
[TimeControl "180+2"]
[EndTime "12:02:37 PST"]
[Termination "juniortay won by resignation"]

1. e4 e6 2. Nf3 d5 3. Nc3 Nf6 4.
e5 Nfd7 5. d4 c5 6. Bg5 Qb6 7.
dxc5 Bxc5 8. Qd2 Nc6 9. Na4 Qb4 10. Nxc5 Qxd2+ 11. Bxd2 Nxc5 12. O-O-O Bd7 13. Be3 b6 14.
Kb1 a5 15. c4 Ne7 16. Rc1 Rc8 17. Nd4 dxc4 18. Bxc4 Nd5 19. Bxd5 exd5 20. Rhd1 O-O 21.
Ne2 Bf5+ 22. Ka1 Nd3 23. Rc3 Nxe5 24. Rxd5 f6 25. Bxb6 Bd3 26. Rdxd3 Nxd3 27. Rxd3 Rc2 28. Nc3 Rb8 29. Kb1 Rxc3 30. Rxc3 Rxb6 31. Kc2 Kf7 32. Rc5 Ra6 33. Kc3 Kg6 34. Kc4 h5 35. Kb5 Re6 36. Rc2 Re5+ 37. Kb6 Kh6 38. a3 a4 39. Kc6 Kg6 40. Kd6 Kh6 41. h4 Kg6 42. f3 Rb5 43. Kc6 Re5 44. Kb6 Rd5 45. g4 hxg4 46. fxg4 f5 47. gxf5+ Rxf5 48. Rg2+ Kh5 49. Rxg7 Kxh4 50. Ra7 Rf4 51. Kb5 Rf2 52. Rxa4+ Kg5 53. Rb4 Kf6 54. a4 Ke7 55. a5 Kd8 56. a6 Kc7 57.
Rc4+ Kb8 58. b4 Rf5+ 59. Rc5 Rf6 60. Rc6 Rf5+ 61. Kb6 Rf4 62. b5 Rf7 63. Rh6 Rb7+ 64. Ka5 Rg7 65. Rh5 Rg1 66. Rh8+ Kc7 67. b6+ Kc6 68.
Rc8+ Kd7 69. b7 Ra1+ 70. Kb6 Rb1+ 71. Ka7 Ra1 72. b8=Q Rxa6+ 73. Kxa6 1-0

[Event "*** Titled Tuesday 3|2 Blitz"]
[Site "Chess.com"]
[Date "2015.02.24"]
[Round "5"]
[White "FytNob"]
[Black "oggy1984"]
[Result "0-1"]
[WhiteElo "1852"]
[BlackElo "2205"]
[TimeControl "180+2"]
[EndTime "12:02:39 PST"]
[Termination "oggy1984 won by resignation"]

1. d4 Nf6 2. c4 e6 3. Nf3 b6 4. g3 Bb7 5. Bg2 Be7 6. O-O O-O 7. Nc3 Ne4 8. Qc2 Nxc3 9. Qxc3 Be4 10.
Rd1 d6 11. b4 f5 12. Bb2 Bf6 13. Nd2 Bxg2 14. Kxg2 c5 15. Qe3 Qc8 16. bxc5 bxc5 17. Rac1 Nc6 18. Nf3 Qb7 19. Qxe6+ Kh8 20. Ba1 Bxd4 21.
e3 Bxa1 22. Rxa1 Ne5 23. Qd5 Qxd5 24. cxd5 Nxf3 25. Kxf3 Rab8 26. Rab1 g6 27. Rb3 Rxb3 28. axb3 Rb8 29. Ra1 Rxb3 30. Rxa7 Rd3 31. Ra8+ Kg7 32.
Ra7+ Kh6 33. h4 Rxd5 34. Rc7 Rd2 35. Rc6 Kh5 36. Rc7 h6 37. Rc6 g5 38. hxg5 hxg5 39. e4 Rd3+ 40. Ke2 fxe4 41. Rc8 Kg4 42. Rc7 Kf5 43.
Rf7+ Ke6 44. Rg7 Kf6 45. Rc7 g4 46. Rc8 Ke6 47. Rg8 d5 48. Rxg4 c4 49. Rg6+ Ke5 50. Rc6 Kd4 51. g4 Ra3 52. g5 Ra2+ 53. Kf1 Kd3 54. g6 Ra7 55. f4 exf3 56. Kf2 d4 57. Kxf3 c3 58. Kf4 Kd2 59. Ke4 d3 60. Rd6 Re7+ 61.
Kf5 c2 62. Kf6 Ra7 63. g7 Rxg7 64. Kxg7 c1=Q 65. Rg6 Qc7+ 66. Kh6 Ke3 67. Rg3+ Qxg3 0-1

[Event "*** Titled Tuesday 3|2 Blitz"]
[Site "Chess.com"]
[Date "2015.02.24"]
[Round "5"]
[White "bsmail"]
[Black "Carolina-moon"]
[Result "1-0"]
[WhiteElo "2096"]
[BlackElo "1919"]
[TimeControl "180+2"]
[EndTime "12:02:51 PST"]
[Termination "bsmail won by resignation"]

1. d4 f5 2. g3 Nf6 3. Bg2 g6 4. c4 Bg7 5. Nc3 O-O 6. Bg5 d6 7. d5 c5 8. Nf3 Nbd7 9. O-O h6 10. Bf4 g5 11. Bc1 Ne4 12. Nxe4 fxe4 13. Nd2 e3 14. fxe3 Nf6 15. Qc2 Qe8 16. b3 Qh5 17. Bb2 Bh3 18.
Ne4 Ng4 19. Rxf8+ Rxf8 20. Bf3 Nxe3 21. Bxh5 Nxc2 22. Bxg7 Kxg7 23. Rc1 Ne3 24. Bf3 g4 25. Bh1 a6 26. Nf2 h5 27. Nxh3 gxh3 28. Bf3 Kg6 29. Rc3 Nf5 30. a3 Nd4 31. b4 b6 32. Kf2 Kg5 33. Re3 Nf5 34. Re6 Rf7 35. Ke1 Nd4 36. Re3 h4 37. gxh4+ Kxh4 38. Re4+ Kg5 39. Kf2 Nc2 40.
bxc5 dxc5 41. a4 Nd4 42. Kg3 Rh7 43. Rg4+ Kf5 44. Rf4+ Kg5 45. Rg4+ Kf6 46. Be4 Rh6 47. Bf3 Rh8 48. Kf4 e5+ 49. dxe6 Nxe6+ 50. Kg3 Ng5 51. Bd5 Re8 52. e4 Re5 53. Kf4 Nh7 54. Rh4 Nf8 55. Rxh3 Ng6+ 56. Kf3 Re8 57. Rh7 Ne5+ 58. Ke2 b5 59. axb5 axb5 60. cxb5 Ng4 61. Rf7+ Ke5 62. Kf3 Nxh2+ 63. Kg3 Rh8 64. b6 Kd6 65. b7 Nf1+ 66. Rxf1 c4 67. Rc1 Kc7 68. Rxc4+ 1-0

[Event "*** Titled Tuesday 3|2 Blitz"]
[Site "Chess.com"]
[Date "2015.02.24"]
[Round "5"]
[White "AUSSIE_PINOY"]
[Black "xtremeungar"]
[Result "1/2-1/2"]
[WhiteElo "2361"]
[BlackElo "2276"]
[TimeControl "180+2"]
[EndTime "12:02:53 PST"]
[Termination "Game drawn by agreement"]

1. d4 Nf6 2. Nf3 g6 3. c4 Bg7 4.
Nc3 O-O 5. Bg5 d6 6. e3 c5 7. d5 Bf5 8. Nd2 Qb6 9. Qc1 h6 10. Bh4 g5 11. Bg3 Nh5 12. Be2 Nxg3 13. hxg3 Nd7 14.
e4 Bg6 15. g4 a6 16. Rh3 Qb4 17. Kf1 b5 18. b3 bxc4 19. bxc4 Rab8 20. Rb1 Qa5 21. Rb3 Rb4 22. Kg1 Rfb8 23. Ra3 Qb6 24. Nb3 Ne5 25. Nd2 Qb7 26. Re3 Nd7 27. Rh3 Ne5 28.
Re3 e6 29. Kh2 exd5 30. Nxd5 Rb2 31. Reb3 Rxb3 32. Rxb3 Qa7 33. Ne7+ Kh7 34. Nf5 Bf6 35. g3 Rxb3 36. axb3 Bxf5 37. exf5 Nc6 38. Ne4 Be5 39. f4 gxf4 40. gxf4 Bd4 41. f6 Qb8 42. Bd3 Nb4 43. Bb1 d5 44. Nxc5+ Kg8 45. Nd3 Nxd3 46. Bxd3 Qxb3 47. Qc2 Qxc2+ 48. Bxc2 dxc4 49. g5 Be3 50. g6 Bxf4+ 51. Kh3 Be5 52. gxf7+ Kxf7 53. Kg4 Kxf6 54. Kh5 Kg7 55. Kg4 a5 56. Kf5 Bb2 57. Ba4 h5 58.
Kg5 c3 59. Kxh5 Bc1 60. Kg4 Kf6 61. Kf3 Ke5 62. Ke2 Kd4 63. Kd1 Bd2 64. Kc2 Kc4 65. Be8 Kb4 66. Bf7 a4 67. Bg8 1/2-1/2

[Event "*** Titled Tuesday 3|2 Blitz"]
[Site "Chess.com"]
[Date "2015.02.24"]
[Round "5"]
[White "DanielNaroditsky"]
[Black "rhungaski"]
[Result "0-1"]
[WhiteElo "2547"]
[BlackElo "2445"]
[TimeControl "180+2"]
[EndTime "12:03:07 PST"]
[Termination "rhungaski won by resignation"]

1. e4 e5 2. Nf3 Nc6 3. Bb5 a6 4.
Ba4 Nf6 5. d3 b5 6. Bb3 Be7 7.
O-O O-O 8. a4 b4 9. a5 d6 10.
Nbd2 Rb8 11. Bc4 Nd7 12. Nb3 Na7 13. d4 Bf6 14. Be3 Nb5 15. d5 Re8 16. Ne1 Bg5 17.
Bxg5 Qxg5 18. Nd3 Nd4 19. f4 Qh6 20. Nxd4 exd4 21. Qf3 Nf6 22. Nf2 Nh5 23. g3 Nf6 24. Rae1 Bh3 25. Nxh3 Qxh3 26. Rf2 Qg4 27. Qg2 Qc8 28. h3 c6 29. dxc6 Qxc6 30. Bd3 Qc5 31. b3 Qxa5 32. Rfe2 Nd7 33. Qf2 Qb6 34. e5 dxe5 35.
fxe5 Nf8 36. Rf1 Re7 37. Re4 Ne6 38. Rh4 h6 39. Rg4 Kh8 40. Qf5 Nf8 41. Rxg7 Kxg7 42. Qf6+ Qxf6 43. exf6+ Kg8 44. fxe7 Ne6 45. Bxa6 Re8 46.
Bc4 Rxe7 47. Re1 Kf8 48. Rd1 Rd7 49. Kf2 Ng5 50. h4 Ne4+ 51. Kf3 Nc3 52. Ra1 Re7 53. Ra6 Re3+ 54. Kf4 Ne2+ 55. Bxe2 Rxe2 56. Rc6 Re3 57. Rc4 Re2 58. Rxd4 Rxc2 59. Rxb4 Kg7 60. Rb7 h5 61. Rb6 f6 62. Kf5 Rc5+ 63. Ke4 Kg6 64. Rb8 Rc3 65. Kf4 Rc1 66. Re8 Rf1+ 0-1